 Dungeon Crawl Stone Soup version bcrawl-1.27.6 (webtiles) character file.

Game seed: 11009042063062223061

128058 DogServant the Sneak (level 5, -4/50 HPs)
             Began as a Naga Sloth Apostle on Oct 7, 2020.
             Was a Believer of Cheibriados.
             Killed from afar by a white imp (7 damage)
             ... with a puff of frost
             ... summoned by Eustachio
             ... on level 4 of the Dungeon.
             The game lasted 00:05:57 (2904 turns).

DogServant the Sneak (Naga Sloth Apostle)           Turns: 2904, Time: 00:05:57

Health: -4/50      AC:  0    Str: 19    XL:     5   Next: 37%
Magic:  6/6        EV:  6    Int: 17    God:    Cheibriados [**....]
Gold:   192        SH:  8    Dex: 15    Spells: 5/6 levels left

rFire    . . .     SeeInvis +   a - +0 mace
rCold    . . .     Gourm    .   c - +0 medium shield
rNeg     . . .     Faith    .   b - +0 robe
rPois    +         Spirit   .   g - +1 hat
rElec    .         Reflect  .   (no cloak)
rCorr    .         Harm     .   (no gloves)
MR       .....                  (no barding)
Stlth    +++.......             (no amulet)
HPRegen  0.16/turn              o - -5 ring of protection (curse)
MPRegen  0.10/turn              (no ring)

@: very slow
A: large, rugged brown scales 1, see invisible, deformed body, poison
resistance, slowness 2, slow metabolism 1, spit poison 1, weak 1, AC +1
a: Spit Poison, Bend Time, Renounce Religion


You were on level 4 of the Dungeon.
You worshipped Cheibriados.
Cheibriados was pleased with you.
You were very hungry.

You visited 1 branch of the dungeon, and saw 4 of its levels.

You collected 192 gold pieces.

Inventory:

Hand Weapons
 a - a +0 mace (weapon)
Armour
 b - a +0 robe (worn)
 c - a +0 medium shield (worn)
 g - a +1 hat (worn)
 u - a +0 leather armour
Jewellery
 o - a cursed -5 ring of protection (left hand)
Wands
 d - a wand of paralysis (16)
 q - a wand of digging (6)
Scrolls
 j - 3 scrolls of immolation
Potions
 f - a potion of mutation
 k - a potion of might {unknown}
 l - 3 potions of curing
 m - a potion of ambrosia {unknown}
 p - a potion of lignification {unknown}
 r - a potion of brilliance {unknown}
 s - a potion of resistance {unknown}
 t - a potion of magic {unknown}
 v - 2 potions of haste {unknown}
Comestibles
 e - 7 rations {!d}


   Skills:
 + Level 3.1 Fighting
 + Level 3.0 Maces & Flails
 - Level 5.4 Stealth
 - Level 1.5 Shields
 - Level 1.0 Spellcasting
 + Level 2.3 Hexes
 + Level 2.3 Invocations
 - Level 1.0 Evocations


You had 5 spell levels left.
You knew the following spells:

 Your Spells              Type           Power        Failure   Level  Hunger
a - Slow                  Hex            #.......     50%         1    None

Your spell library contained the following spells:

 Spells                   Type           Power        Failure   Level  Hunger
 Apportation              Tloc           #.....       83%         1    None
 Infusion                 Chrm           #.......     83%         1    None
 Magic Dart               Conj           #...         83%         1    None
 Sandblast                Erth           #.....       83%         1    None
 Summon Butterflies       Summ           #.......     83%         1    None
 Blink                    Tloc           N/A          92%         2    ###....
 Call Imp                 Summ           #.....       92%         2    ###....
 Conjure Flame            Conj/Fire      #.......     99%         3    #####..
 Mephitic Cloud           Conj/Pois/Air  #.......     99%         3    #####..
 Spider Form              Tmut/Pois      #..          99%         3    #####..


Dungeon Overview and Level Annotations

Branches:
Dungeon (4/12)
 Temple: D:4-7

Altars:
Cheibriados
Dithmenos
Trog
Wu Jian

Annotations:
D:3 1 runed translucent door, zzzzzzzz's ghost, amateur HOAc
D:4 Eustachio


Innate Abilities, Weirdness & Mutations

You cannot wear boots.
Your serpentine skin is tough. (AC +1)
You have supernaturally acute eyesight. (SInv)
Armour fits poorly on your strangely shaped body.
Your system is resistant to poisons. (rPois)
You cover ground very slowly.
You have a slow metabolism.
You can spit poison.
You are partially covered in rugged brown scales. (AC +1, +3% HP)
You are weak. (Str -2)


Message History

The white imp gestures at you. The puff of frost hits you!
Eustachio mumbles some strange words.
Eustachio blinks!
You block the bat's attack. x2
The white imp gestures at you. The puff of frost hits you!
Eustachio gestures wildly while chanting.
Eustachio blinks!
The white imp hits you. The white imp freezes you.
* * * LOW HITPOINT WARNING * * *
You block the bat's attack. The white imp hits you.
* * * LOW HITPOINT WARNING * * *
The white imp freezes you.
* * * LOW HITPOINT WARNING * * *
The quokka barely misses you. You block the bat's attack. The quokka bites you.
* * * LOW HITPOINT WARNING * * *
The white imp gestures at you. The puff of frost hits you!
You die...

.#.>........######..####.#.....
.#............ #.............
.###.########.# ####..#.......
.# ... .## ##...$..... ..
####..#...... #. ##...#........
#.##.............
#.#.......#......
#.@5......####.....
##rrbw....####..).h
###...5.............
..."........#.####.###
######........##.....#
#........#..(....
#........#...w...
##.......ยง$.._...
##.>....#.......


You could see a worm, a river rat, 2 white imps, a quokka and a bat.

Vanquished Creatures
  A crimson imp (D:2)
  An iguana (D:4)
  An adder (D:2)
  2 oozes
  An adder zombie (D:3)
  2 worms (D:3)
  A dart slug (D:3)
  2 leopard geckos
  An orc (D:3)
  3 giant cockroaches
  A goblin (D:1)
  5 hobgoblins
  16 jackals
  5 kobolds
  2 quokkas
  A ball python (D:2)
  8 bats
  4 frilled lizards
  4 rats
61 creatures vanquished.

Notes
Turn   | Place    | Note
-------+----------+-------------------------------------------
     0 | D:1      | DogServant the Naga Sloth Apostle began the quest for the
                  | Orb.
     0 | D:1      | Reached XP level 1. HP: 19/19 MP: 2/2
    99 | D:1      | Reached skill level 5 in Stealth
   244 | D:1      | Reached XP level 2. HP: 4/26 MP: 3/3
   907 | D:1      | Reached XP level 3. HP: 28/32 MP: 4/4
   937 | D:1      | Reached skill level 1 in Invocations
  1056 | D:1      | Reached * piety under Cheibriados
  1627 | D:2      | Reached XP level 4. HP: 37/40 MP: 5/5
  1628 | D:2      | Found a bloodstained altar of Trog.
  1765 | D:2      | Reached ** piety under Cheibriados
  1934 | D:2      | Found a shadowy altar of Dithmenos.
  2210 | D:3      | Found a runed translucent door.
  2219 | D:3      | Noticed zzzzzzzz's ghost (amateur HOAc)
  2343 | D:3      | Reached XP level 5. HP: 48/48 MP: 6/6
  2376 | D:3      | Found an ornate altar of the Wu Jian Council.
  2583 | D:3      | Found a runed door.
  2627 | D:3      | Found a runed translucent door.
  2886 | D:4      | Found a snail-covered altar of Cheibriados.
  2887 | D:4      | Noticed Eustachio
  2890 | D:4      | Gained mutation: You are weak. (Str -2) [potion of
                  | mutation]
  2890 | D:4      | Gained mutation: You are partially covered in rugged brown
                  | scales. (AC +1, +3% HP) [potion of mutation]
  2904 | D:4      | Killed from afar by a white imp

Skill      XL: |  1  2  3  4  5 |
---------------+----------------+-----
Stealth        | 5 |  5.4
Invocations    | 1 2 |  2.3
Hexes          | 2 |  2.3
Fighting       | 3 |  3.1
Maces & Flails | 3 |  3.0
Shields        | |  1.5
Spellcasting   | |  1.0
Evocations     | |  1.0

Action                   |  1- 3 |  4- 6 || total
-------------------------+-------+-------++-------
Melee: Mace              |   108 |    78 ||   186
 Abil: Spit Poison       |    17 |    16 ||    33
  Use: Scroll            |       |     5 ||     5
       Potion            |       |     1 ||     1
 Stab: Sleeping          |     7 |     1 ||     8
  Eat: Chunk             |     6 |     4 ||    10
Armor: Robe              |     9 |       ||     9
       Ring mail         |    47 |    29 ||    76
       Skin              |       |    10 ||    10
       Leather armour    |       |     1 ||     1
Dodge: Dodged            |    38 |    35 ||    73
Block: Medium shield     |    75 |    63 ||   138
